 Dungeon Crawl Stone Soup version 0.23.1-37-gaa34b87b72 (webtiles) character file.

Game seed: 8675788556701314873

17168 hungrabbi the Brawler (level 12, -6/105 HPs)
             Began as a Troll Monk on Mar 24, 2019.
             Was the Champion of Okawaru.
             Mangled by a two-headed ogre
             ... wielding a +0 giant club
              (10 damage)
             ... on level 13 of the Dungeon.
             The game lasted 00:14:11 (9445 turns).

hungrabbi the Brawler (Troll Monk)                  Turns: 9445, Time: 00:14:13

Health: -6/105     AC:  7    Str: 33    XL:     12   Next: 16%
Magic:  11/11      EV: 13    Int: 10    God:    Okawaru [******]
Gold:   568        SH:  0    Dex: 12    Spells: 11/11 levels left

rFire    . . .     SeeInvis +   G - +6 giant spiked club of Kotit {chaos, Str+4}
rCold    + . .     Gourm    +   (shield currently unavailable)
rNeg     + . .     Faith    .   k - +1 robe "Ovuoban" {rPois rN+}
rPois    +         Spirit   .   (helmet restricted)
rElec    .         Reflect  .   (no cloak)
rCorr    .         Harm     .   (gloves unavailable)
MR       .....                  (boots unavailable)
Stlth    ++........             m - amulet of regeneration
HPRegen  1.07/turn              r - ring of protection from cold
MPRegen  0.12/turn              B - +5 ring of strength

@: no status effects
A: large, unfitting armour, claws 3, repulsion field 1, see invisible, fast
metabolism 3, gourmand, regeneration 1, shaggy fur 1, strong 1, tough skin 3,
wild magic 1
a: Heroism, Finesse, Renounce Religion


You were on level 13 of the Dungeon.
You worshipped Okawaru.
Okawaru was exalted by your worship.
You were completely stuffed.

You visited 2 branches of the dungeon, and saw 14 of its levels.

You collected 568 gold pieces.

Inventory:

Hand Weapons
 G - the +6 giant spiked club of Kotit (weapon) {chaos, Str+4}
   (Okawaru gifted it to you on level 13 of the Dungeon)

   Each time it hits an enemy it has a different, random effect.
   It affects your strength (+4).
Missiles
 a - 3 large rocks (quivered)
Armour
 h - a +2 robe of fire resistance
 k - the +1 robe "Ovuoban" (worn) {rPois rN+}
   (Okawaru gifted it to you on level 8 of the Dungeon)

   It protects you from poison.
   It protects you from negative energy.
 o - a +2 robe of magic resistance
Jewellery
 m - an amulet of regeneration (around neck)
 p - an uncursed ring of wizardry
 r - a ring of protection from cold (left claw)
 s - an uncursed ring of see invisible
 z - a +3 ring of protection {unknown}
 B - a +5 ring of strength (right claw)
Wands
 e - a wand of iceblast (30)
 j - a wand of random effects (11)
 q - a wand of acid (10)
 y - a wand of flame (59)
Scrolls
 c - 5 scrolls of remove curse
 d - 6 scrolls of identify
 f - 2 scrolls of teleportation
 l - a scroll of random uselessness
 n - a scroll of enchant armour
 u - 2 scrolls of brand weapon {unknown}
 v - 5 scrolls of magic mapping
 w - 2 scrolls of enchant weapon
 C - a scroll of acquirement {unknown}
Potions
 t - a potion of brilliance
 x - a potion of curing
 A - 2 potions of resistance
 E - 2 potions of flight
Comestibles
 b - 22 rations
 F - a chunk of flesh


   Skills:
 - Level 3.4 Fighting
 - Level 3.5 Dodging
 - Level 2.0 Stealth
 * Level 18.1 Unarmed Combat


You had 11 spell levels left.
You didn't know any spells.
Your spell library contained the following spells:

 Spells                   Type           Power        Failure   Level  Hunger
 Animate Skeleton         Necr           N/A          45%         1    ##.....
 Corona                   Hex            #......      45%         1    ##.....
 Pain                     Necr           #...         45%         1    ##.....
 Ensorcelled Hibernation  Hex/Ice        #.....       58%         2    ###....
 Sticks to Snakes         Tmut           #.......     58%         2    ###....
 Regeneration             Chrm/Necr      #.........   82%         3    ####...
 Vampiric Draining        Necr           #.........   82%         3    ####...
 Animate Dead             Necr           N/A          99%         4    #####..
 Petrify                  Tmut/Erth      #.......     99%         4    #####..
 Summon Mana Viper        Hex/Summ       #.......     100%        5    ######.
 Invisibility             Hex            #.......     100%        6    #######


Dungeon Overview and Level Annotations

Branches:
Dungeon (13/15)            Temple (1/1) D:5            Lair (0/6) D:10
    Orc (0/2) D:9
 Vaults: D:13-14

Altars:
Dithmenos
Elyvilon
Okawaru
Qazlal

Shops:
D:8 =   D:11 [   D:12 (


Innate Abilities, Weirdness & Mutations

You are too large for most types of armour.
You have claws for hands.
Your metabolism is lightning-fast.
You like to eat raw meat.
Your natural rate of healing is unusually fast.
You are covered in fur. (AC +1)
You have extremely tough skin. (AC +3)
You are surrounded by a mild repulsion field. (EV +2)
You have supernaturally acute eyesight. (SInv)
Your muscles are strong. (Str +2)
Your spells are a little harder to cast, but a little more powerful.


Message History

a +0 giant club x2
A two-headed ogre comes into view. It is wielding two +0 giant clubs.
The two-headed ogre shouts in stereo!
A two-headed ogre is nearby!
A two-headed ogre is nearby!
The two-headed ogre closely misses you.
The two-headed ogre hits you with a +0 giant club!!
You are too injured to fight recklessly!
You are too injured to fight recklessly!
You barely miss the two-headed ogre.
The two-headed ogre hits you with a +0 giant club!
The two-headed ogre hits you with a +0 giant club!!
* * * LOW HITPOINT WARNING * * *
As you read the scroll of fear, it crumbles to dust.
You assume a fearsome visage.
The two-headed ogre resists with some effort.
The two-headed ogre hits you with a +0 giant club!
* * * LOW HITPOINT WARNING * * *
The two-headed ogre hits you with a +0 giant club!
You die...

.####............#####
...........##.......#
##≈#....#####.......#
##≈≈≈....#####.......# ###
#≈≈≈≈................# #.. ?..
##≈≈≈###...........######.# ...
##≈ #.######÷...# #..).. ...) #
#.#.)).#)#### #..... .....
#.#@##†..# #.....
...?.########.#O##############.#
$.>.............................
#≈..............................
≈≈.....(...#≈≈#.#########.......
≈≈≈≈≈######≈≈≈≈.# #....... #≈≈≈
#≈≈≈≈≈.# #....... ##≈ ..≈≈≈≈≈.≈#
#....... # ...≈≈≈≈≈.... #.......


You could see a two-headed ogre.

Vanquished Creatures
  Erica (D:9)
  A centaur warrior (D:13)
  3 two-headed ogres
  Pikel (D:6)
  An ugly thing (D:11)
  A manticore (D:12)
  2 orc sorcerers (D:9)
  Joseph (D:7)
  An elephant (D:10)
  Psyche (D:8)
  2 centaur zombies
  A centaur skeleton (D:11)
  3 trolls
  A polar bear (D:9)
  3 hippogriffs
  Sigmund (D:3)
  A wyvern (D:13)
  A human (D:7)
  4 hogs (D:7)
  6 yaks
  2 basilisks (D:10)
  2 vampire mosquitoes (D:12)
  4 hungry ghosts
  Menkaure (D:6)
  2 orc warriors (D:11)
  4 sky beasts
  2 slaves (D:6)
  A phantom (D:9)
  4 ice beasts
  5 ogres
  A wolf (D:9)
  4 centaurs
  A crocodile (D:12)
  2 big kobolds
  A wyvern zombie (D:10)
  9 bullfrogs
  4 scorpions
  2 troll zombies (D:9)
  15 killer bees
  2 electric eels (D:9)
  12 wights
  6 howler monkeys
  2 bullfrog zombies
  A quasit (D:11)
  4 crimson imps
  2 bullfrog skeletons
  10 orc wizards
  5 hounds
  5 orc priests
  A jelly (D:13)
  3 iguanas
  A worker ant (D:2)
  4 ogre zombies (D:9)
  A hound skeleton (D:6)
  3 gnolls (D:9)
  13 adders
  2 howler monkey skeletons (D:6)
  2 shadow imps
  4 white imps (D:9)
  2 ufetubi (D:9)
  An ooze (D:7)
  An adder zombie (D:8)
  An adder skeleton (D:9)
  2 worms
  2 dart slugs
  7 leopard geckos
  26 orcs
  5 giant cockroaches
  3 goblins
  5 hobgoblins
  8 jackals
  12 kobolds
  A quokka (D:8)
  3 ball pythons
  8 bats
  6 frilled lizards
  3 goblin skeletons (D:9)
  2 goblin zombies (D:9)
  A hobgoblin skeleton (D:9)
  A hobgoblin zombie (D:9)
  A leopard gecko skeleton (D:5)
  11 orc zombies (D:9)
  A quokka simulacrum (D:9)
  4 rats
  A bush (D:6)
303 creatures vanquished.

Notes
Turn   | Place    | Note
-------+----------+-------------------------------------------
     0 | D:1      | hungrabbi the Troll Monk began the quest for the Orb.
     0 | D:1      | Reached XP level 1. HP: 22/22 MP: 0/0
   124 | D:1      | Reached XP level 2. HP: 29/29 MP: 1/1
   285 | D:2      | Reached XP level 3. HP: 31/37 MP: 2/2
   467 | D:2      | Reached XP level 4. HP: 45/45 MP: 3/3
   717 | D:3      | Reached skill level 4 in Unarmed Combat
   785 | D:3      | Found a faded altar of an unknown god.
  1145 | D:3      | Reached XP level 5. HP: 34/53 MP: 4/4
  1229 | D:3      | Noticed Sigmund
  1244 | D:3      | Killed Sigmund
  1244 | D:3      | Reached skill level 5 in Unarmed Combat
  1244 | D:3      | Reached XP level 6. HP: 43/61 MP: 5/5
  1508 | D:5      | Entered Level 5 of the Dungeon
  1539 | D:5      | Identified the Handbook of Shifting Malediction
  1571 | D:5      | Found a staircase to the Ecumenical Temple.
  1589 | Temple   | Entered the Ecumenical Temple
  1596 | Temple   | Became a worshipper of Warmaster Okawaru
  1596 | Temple   | Reached * piety under Okawaru
  1596 | Temple   | Reached ** piety under Okawaru
  1777 | D:5      | Reached skill level 6 in Unarmed Combat
  1902 | D:5      | Reached XP level 7. HP: 29/67 MP: 6/6
  2160 | D:6      | Noticed Menkaure
  2165 | D:6      | Reached skill level 7 in Unarmed Combat
  2255 | D:5      | Gained mutation: Your body sometimes deteriorates upon
                  | taking damage. [potion of mutation]
  2255 | D:5      | Gained mutation: You passively map a small area around you.
                  | [potion of mutation]
  2255 | D:5      | Gained mutation: You expend magic power (3 MP) to
                  | strengthen your wands. [potion of mutation]
  2258 | D:5      | Lost mutation: You expend magic power (3 MP) to strengthen
                  | your wands. [potion of mutation]
  2258 | D:5      | Lost mutation: Your body sometimes deteriorates upon taking
                  | damage. [potion of mutation]
  2258 | D:5      | Gained mutation: You are partially covered in slimy green
                  | scales. (AC +2) [potion of mutation]
  2258 | D:5      | Gained mutation: You have supernaturally acute eyesight.
                  | (SInv) [potion of mutation]
  2264 | D:6      | Killed Menkaure
  2396 | D:6      | Got a warped hand axe
  2397 | D:6      | Identified the +6 hand axe of Damynom {speed, *Noise rPois
                  | rN+} (You found it on level 6 of the Dungeon)
  2425 | D:6      | Reached skill level 8 in Unarmed Combat
  2425 | D:6      | Reached XP level 8. HP: 59/75 MP: 7/7
  2510 | D:6      | Reached *** piety under Okawaru
  2597 | D:6      | Noticed Pikel
  2615 | D:6      | Killed Pikel
  2615 | D:6      | Reached skill level 9 in Unarmed Combat
  2726 | D:6      | Reached skill level 10 in Unarmed Combat
  3005 | D:7      | Noticed Joseph
  3261 | D:7      | Killed Joseph
  3261 | D:7      | Reached skill level 11 in Unarmed Combat
  3261 | D:7      | Reached XP level 9. HP: 38/83 MP: 8/8
  3368 | D:7      | Lost mutation: You have supernaturally acute eyesight.
                  | (SInv) [potion of mutation]
  3368 | D:7      | Lost mutation: You are partially covered in slimy green
                  | scales. (AC +2) [potion of mutation]
  3368 | D:7      | Gained mutation: Your mind is acute. (Int +2) [potion of
                  | mutation]
  3525 | D:7      | Reached **** piety under Okawaru
  3867 | D:7      | Reached skill level 12 in Unarmed Combat
  4363 | D:8      | Found Muonuc's Jewellery Emporium.
  4444 | D:8      | Lost mutation: Your mind is acute. (Int +2) [potion of
                  | mutation]
  4444 | D:8      | Lost mutation: You passively map a small area around you.
                  | [potion of mutation]
  4444 | D:8      | Gained mutation: Your muscles are strong. (Str +2) [potion
                  | of mutation]
  4444 | D:8      | Gained mutation: You are agile. (Dex +2) [potion of
                  | mutation]
  4444 | D:8      | Gained mutation: Your spells are a little easier to cast,
                  | but a little less powerful. [potion of mutation]
  4444 | D:8      | Gained mutation: You can translocate small distances at
                  | will. [potion of mutation]
  4445 | D:8      | Lost mutation: You can translocate small distances at will.
                  | [potion of mutation]
  4445 | D:8      | Lost mutation: You are agile. (Dex +2) [potion of mutation]
  4445 | D:8      | Lost mutation: Your spells are a little easier to cast, but
                  | a little less powerful. [potion of mutation]
  4445 | D:8      | Gained mutation: Your spells are a little harder to cast,
                  | but a little more powerful. [potion of mutation]
  4445 | D:8      | Gained mutation: You are surrounded by a mild repulsion
                  | field. (EV +2) [potion of mutation]
  4445 | D:8      | Gained mutation: You have supernaturally acute eyesight.
                  | (SInv) [potion of mutation]
  4484 | D:8      | Noticed Psyche
  4489 | D:8      | Killed Psyche
  4489 | D:8      | Reached ***** piety under Okawaru
  4489 | D:8      | Reached skill level 13 in Unarmed Combat
  4640 | D:8      | Reached XP level 10. HP: 91/91 MP: 9/9
  4995 | D:8      | Noticed a two-headed ogre
  5039 | D:8      | Killed a two-headed ogre
  5039 | D:8      | Received a gift from Okawaru
  5042 | D:8      | Got a shimmering robe {god gift}
  5053 | D:8      | Identified the +1 robe "Ovuoban" {rPois rN+} (Okawaru
                  | gifted it to you on level 8 of the Dungeon)
  5383 | D:9      | Found a stormy altar of Qazlal.
  5404 | D:9      | Reached skill level 14 in Unarmed Combat
  5575 | D:9      | Found a staircase to the Orcish Mines.
  5932 | D:9      | Noticed an orc sorcerer
  5936 | D:9      | Killed an orc sorcerer
  5936 | D:9      | Reached skill level 15 in Unarmed Combat
  5940 | D:9      | Noticed an orc sorcerer
  5947 | D:9      | Killed an orc sorcerer
  6157 | D:9      | Noticed a two-headed ogre
  6421 | D:9      | Killed a two-headed ogre
  6421 | D:9      | Reached XP level 11. HP: 92/97 MP: 10/10
  6446 | D:9      | Noticed Erica
  6456 | D:9      | Killed Erica
  6456 | D:9      | Received a gift from Okawaru
  6747 | D:10     | Entered Level 10 of the Dungeon
  6891 | D:10     | Found a staircase to the Lair.
  6904 | D:10     | Reached skill level 16 in Unarmed Combat
  7756 | D:11     | Noticed a white ugly thing
  7771 | D:11     | Killed a white ugly thing
  7776 | D:11     | Reached skill level 17 in Unarmed Combat
  7938 | D:11     | Found Cupari's Antique Armour Boutique.
  8192 | D:12     | Reached ****** piety under Okawaru
  8195 | D:12     | Received a gift from Okawaru
  8816 | D:12     | Found Zourgh's Weapon Shop.
  9140 | D:13     | Reached XP level 12. HP: 105/105 MP: 11/11
  9179 | D:13     | Noticed a two-headed ogre
  9181 | D:13     | Noticed a centaur warrior
  9234 | D:13     | Killed a centaur warrior
  9342 | D:13     | Reached skill level 18 in Unarmed Combat
  9392 | D:13     | Killed a two-headed ogre
  9392 | D:13     | Received a gift from Okawaru
  9393 | D:13     | Got an iridescent giant spiked club {god gift}
  9394 | D:13     | Identified the +6 giant spiked club of Kotit {chaos, Str+4}
                  | (Okawaru gifted it to you on level 13 of the Dungeon)
  9438 | D:13     | Noticed a two-headed ogre
  9445 | D:13     | HP: 4/105 [two-headed ogre/+0 giant club (13)]
  9445 | D:13     | Mangled by a two-headed ogre

Skill      XL: |  1  2  3  4  5  6  7  8  9 10 11 12 |
---------------+-------------------------------------+-----
Fighting       | 3 |  3.4
Unarmed Combat | 4 5 6 8 11 13 15 17 18 | 18.1
Dodging        | 3 |  3.5
Stealth        | 2 |  2.0

Action                   |  1- 3 |  4- 6 |  7- 9 | 10-12 || total
-------------------------+-------+-------+-------+-------++-------
Melee: Unarmed           |    73 |   126 |   209 |   493 ||   901
       Punch             |     1 |     3 |     6 |    34 ||    44
       Hand axe          |       |       |    15 |       ||    15
       Giant spiked club |       |       |       |     1 ||     1
Throw: Large rock        |       |       |       |     1 ||     1
Invok: Heroism           |       |       |     1 |       ||     1
  Use: Potion            |       |       |    17 |     3 ||    20
       Scroll            |       |       |    12 |     1 ||    13
 Stab: Sleeping          |     2 |     4 |     3 |     6 ||    15
  Eat: Chunk             |    10 |    11 |    30 |    53 ||   104
Armor: Robe              |    28 |    27 |    66 |   113 ||   234
Dodge: Dodged            |    40 |    60 |    88 |   293 ||   481
